 Dungeon Crawl Stone Soup version 0.30-a0-187-gd9c2deaf24 (webtiles) character file.

Game seed: 16815221629729405865

162 Iusername the Covered (level 5, -3/47 HPs)
             Began as a Minotaur Fighter on Oct 1, 2022.
             Killed from afar by Natasha (8 damage)
             ... with a magic dart
             ... on level 2 of the Dungeon on Oct 3, 2022.
             The game lasted 00:02:16 (735 turns).

Iusername the Covered (Minotaur Fighter)             Turns: 735, Time: 00:02:17

Health: -3/47      AC:  8    Str: 23    XL:     5   Next: 19%
Magic:  4/4        EV:  9    Int:  5    God:
Gold:   30         SH:  4    Dex:  9    Spells: 4/4 levels left

rFire   . . .      SeeInvis .    a - +0 trident
rCold   . . .      Faith    .    c - +0 buckler
rNeg    . . .      Spirit   .    b - +0 scale mail
rPois   .          Reflect  .    (helmet restricted)
rElec   .          Harm     .    (no cloak)
rCorr   .          Rampage  .    h - +0 pair of gloves
Will    .....                    (no boots)
Stlth   ..........               (no amulet)
HPRegen 0.27/turn                (no ring)
MPRegen 0.09/turn                (no ring)

@: mighty
A: horns 2, retaliatory headbutt
a: no special abilities


You were on level 2 of the Dungeon.
You visited 1 branch of the dungeon, and saw 2 of its levels.

You collected 30 gold pieces.

Inventory:

Hand Weapons
 a - a +0 trident (weapon)
Armour
 b - a +0 scale mail (worn)
 c - a +0 buckler (worn)
 h - a +0 pair of gloves (worn)
Jewellery
 i - a +4 ring of evasion
Scrolls
 e - 2 scrolls of teleportation {unknown}
 f - 3 scrolls of identify {unknown}
Potions
 g - a potion of ambrosia {unknown}


   Skills:
 + Level 4.5 Fighting
 + Level 4.5 Polearms
 + Level 4.6 Armour
 + Level 0.6 Dodging
 + Level 4.3 Shields


You had 4 spell levels left.
You didn't know any spells.
Your spell library was empty.

Dungeon Overview and Level Annotations

Branches:
Dungeon (2/15)

Altars:
Fedhas

Annotations:
D:2 Natasha


Innate Abilities, Weirdness & Mutations

You have a pair of horns on your head.
You reflexively headbutt those who attack you in melee.


Message History

You puncture the orc priest!
You kill the orc priest!
You have reached level 5!
Things that are here:
a +0 dagger; an orc corpse
Items here: )) [[ †††.
Items here: )) ††.
Natasha stares at you and mumbles some strange words.
The magic dart hits you but does no damage.
Natasha hisses.
Natasha mumbles some strange words.
Found 13 gold pieces.
A bat comes into view.
Found an encrusted moonstone ring and a potion of might.
A bat is nearby!
A bat is nearby!
A bat is nearby!
The bat misses you. You furiously retaliate!
You headbutt the bat!
You kill the bat!
Found 10 gold pieces.
Found a stone staircase leading up.
Natasha stares at you and mumbles some strange words.
You resist with some effort.
You see here a bat corpse.
Natasha casts a spell at you. The magic dart hits you.
* * * LOW HITPOINT WARNING * * *
Found 15 gold pieces.
Natasha hisses.
Natasha casts a spell.
The white imp gestures at you. The puff of frost misses you.
You block Natasha's attack. The white imp gestures at you.
The puff of frost hits you!
* * * LOW HITPOINT WARNING * * *
You puncture the white imp!
The white imp is severely wounded.
Natasha casts a spell at you. The magic dart hits you!
You die...

.####...5.##..........
.......#.###..........
...##...###........##
#....>.............#
#$.##..†...w.......#
##..................#
#....$5.............
##..#.h5.............
....#..@.....#.
..!.........=..
.##.#..........
#...<.......$
#............
...............
.##............
#..$.........
#............


You could see a worm, Natasha and 2 white imps.

Vanquished Creatures
  An orc priest (D:2)
  An orc wizard (D:2)
  Natasha (twice) (D:2)
  A gnoll (D:1)
  An adder (D:2)
  A worm (D:2)
  3 orcs (D:2)
  2 ball pythons (D:1)
  5 bats
  5 goblins (D:1)
  4 hobgoblins
  2 jackals (D:1)
  2 quokkas
  3 kobolds
  4 rats (D:1)
37 creatures vanquished.

Notes
Turn   | Place    | Note
-------+----------+-------------------------------------------
     0 | D:1      | Iusername the Minotaur Fighter began the quest for the Orb.
     0 | D:1      | Reached XP level 1. HP: 19/19 MP: 0/0
    66 | D:1      | Found a faded altar of an unknown god.
    75 | D:1      | Reached XP level 2. HP: 21/27 MP: 1/1
    84 | D:1      | Prayed at the altar of an unknown god.
    84 | D:1      | Became a worshipper of Fedhas Madash
    84 | D:1      | Reached * piety under Fedhas
    85 | D:1      | Fell from the grace of Fedhas
   133 | D:1      | Upgraded the game from 0.30-a0-172-gc5509c9e31 to
                  | 0.30-a0-187-gd9c2deaf24
   468 | D:1      | Reached XP level 3. HP: 31/33 MP: 2/2
   645 | D:2      | Noticed Natasha
   648 | D:2      | Killed Natasha
   652 | D:2      | Reached XP level 4. HP: 34/40 MP: 3/3
   675 | D:2      | Noticed Natasha
   691 | D:2      | Killed Natasha
   711 | D:2      | Noticed Natasha
   713 | D:2      | Reached XP level 5. HP: 12/47 MP: 4/4
   735 | D:2      | Killed from afar by Natasha

Illustrated notes

Levels and vault maps discovered:
D:1:      matt_arrival_diagonals, layout_rooms,
          dreamdust_ecumenical_altar_statues, solitary_fountain, chequers_jeans
D:2:      layout_rooms, kennysheep_nub, uniq_natasha

Skill      XL: |  1  2  3  4 |
---------------+-------------+-----
Armour         | 4 |  4.6
Fighting       | 4 |  4.5
Shields        | 4 |  4.3
Polearms       | 3 4 |  4.5
Dodging        | |  0.6

Action                   |  1- 3 |  4- 6 || total
-------------------------+-------+-------++-------
Melee: Trident           |    60 |    26 ||    86
       Headbutt          |     4 |     3 ||     7
Invok: Renounce Religion |     1 |       ||     1
  Use: Potion            |       |     1 ||     1
Armor: Scale mail        |    21 |    15 ||    36
Dodge: Dodged            |    27 |    18 ||    45
Block: Buckler           |     9 |     8 ||    17

Table legend: (Time is in decaauts)
 A = Elapsed time spent in this place.
 B = Non-inter-level travel time spent in this place.
 C = Inter-level travel time spent in this place.
 D = Time resting spent in this place.
 E = Time spent auto-exploring this place.
 F = Levels seen in this place.
 G = Mean time per level.
                   A        B        C        D        E       F      G
               +--------+--------+--------+--------+--------+-----+--------+
         Total |    756 |    730 |     26 |      0 |    497 |   2 |  378.0 |
       Dungeon |    756 |    730 |     26 |      0 |    497 |   2 |  378.0 |
               +--------+--------+--------+--------+--------+-----+--------+

Top non-repeatable levels by time:
     D:1: 579 daAuts
     D:2: 177 daAuts
